 Dungeon Sprint DCSS version 0.24-a0-93-ge1bfdf8443 (webtiles) character file.

Game seed: 8598288914744937590

49 Denreik the Charmwright (level 3, -3/33 HPs)
             Began as a Gnoll Skald on Feb 10, 2019.
             Slain by a worker ant (6 damage)
             ... in the Dungeon (Sprint II: "The Violet Keep of Menkaure").
             The game lasted 00:00:33 (25 turns).

Denreik the Charmwright (Gnoll Skald)                 Turns: 25, Time: 00:00:34

Health: -3/33      AC:  3    Str: 14    XL:     3   Next: 75%
Magic:  0/9        EV: 14    Int: 15    God:
Gold:   0          SH:  0    Dex: 14    Spells: 11/12 levels left

rFire    . . .     SeeInvis .   a - +0 spear
rCold    . . .     Gourm    .   (no shield)
rNeg     . . .     Faith    .   b - +0 leather armour
rPois    .         Spirit   .   (no helmet)
rElec    .         Reflect  .   (no cloak)
rCorr    .         Harm     .   (no gloves)
MR       .....     NoTele   +   (no boots)
Stlth    ++........             (no amulet)
HPRegen  0.11/turn              (no ring)
MPRegen  0.11/turn              (no ring)

@: infused
A: distributed training, fangs 1, strong nose
a: no special abilities


You were in the Dungeon.
You were not hungry.

You visited 1 branch

Inventory:

Hand Weapons
 a - a +0 spear (weapon)
Armour
 b - a +0 leather armour (worn)
Scrolls
 j - a scroll of blinking
Potions
 f - a potion of heal wounds
 g - a potion of haste
 h - 2 potions of magic
 i - a potion of berserk rage
Comestibles
 d - a ration


   Skills:
 + Level 5.1 Fighting
 + Level 2.1 Short Blades
 + Level 2.1 Long Blades
 + Level 2.1 Axes
 + Level 2.1 Maces & Flails
 + Level 5.1 Polearms
 + Level 2.1 Staves
 + Level 2.1 Slings
 + Level 2.1 Bows
 + Level 2.1 Crossbows
 + Level 2.1 Throwing
 + Level 3.4 Armour
 + Level 5.1 Dodging
 + Level 2.1 Stealth
 + Level 2.1 Shields
 + Level 2.1 Unarmed Combat
 + Level 5.4 Spellcasting
 + Level 1.7 Conjurations
 + Level 1.7 Hexes
 + Level 5.7 Charms
 + Level 1.7 Summonings
 + Level 1.7 Necromancy
 + Level 1.7 Translocations
 + Level 1.7 Transmutations
 + Level 1.7 Fire Magic
 + Level 1.7 Ice Magic
 + Level 1.7 Air Magic
 + Level 1.7 Earth Magic
 + Level 1.7 Poison Magic
 + Level 2.4 Invocations
 + Level 2.1 Evocations


You had 11 spell levels left.
You knew the following spells:

 Your Spells              Type           Power        Failure   Level  Hunger
a - Infusion              Chrm           ###.         1%          1    None

Your spell library contained the following spells:

 Spells                   Type           Power        Failure   Level  Hunger
 Song of Slaying          Chrm           ###.....     2%          2    #......
 Shroud of Golubria       Chrm/Tloc      ###.......   6%          2    #......
 Regeneration             Chrm/Necr      ###.......   12%         3    ###....
 Spectral Weapon          Hex/Chrm       ###.....     12%         3    ###....


Dungeon Overview and Level Annotations

Branches:
Dungeon (1/1)

Altars:


Innate Abilities, Weirdness & Mutations

Your experience applies equally to all skills.
You have very sharp teeth.
Your uncanny sense of smell can sniff out nearby items.


Message History

You hit the worker ant.
The worker ant is heavily wounded.
The worker ant closely misses you.
Attack whom?
Press: ? - help, Dir - move target cursor, f/p - worker ant
Aim: a worker ant (heavily wounded)
You hit the worker ant.
The worker ant is severely wounded.
The worker ant barely misses you.
Attack whom?
Press: ? - help, Dir - move target cursor, f/p - worker ant
Aim: a worker ant (severely wounded)
You hit the worker ant but do no damage.
The worker ant is severely wounded.
The worker ant bites you.
* * * LOW HITPOINT WARNING * * *
You hit the worker ant. You bite the worker ant.
The worker ant is severely wounded.
The worker ant bites you.
You die...

∆∆ ∆ ∆ #
#+# .#
##.##..#
∆+.<@a#
∆
##.##a.#
#+# .# #
∆ ∆


You could see 2 worker ants.

Vanquished Creatures
  2 worker ants (D)
2 creatures vanquished.

Notes
Turn   | Place    | Note
-------+----------+-------------------------------------------
     0 | D        | Denreik the Gnoll Skald began the quest for the Orb.
     0 | D        | Reached XP level 1. HP: 20/20 MP: 6/6
     2 | D        | Noticed a worker ant
     2 | D        | Noticed a worker ant
     2 | D        | Noticed a worker ant
     2 | D        | Noticed a worker ant
     5 | D        | Killed a worker ant
     5 | D        | Reached skill level 1 in Short Blades
     5 | D        | Reached skill level 1 in Long Blades
     5 | D        | Reached skill level 1 in Axes
     5 | D        | Reached skill level 1 in Maces & Flails
     5 | D        | Reached skill level 1 in Staves
     5 | D        | Reached skill level 1 in Slings
     5 | D        | Reached skill level 1 in Bows
     5 | D        | Reached skill level 1 in Crossbows
     5 | D        | Reached skill level 1 in Throwing
     5 | D        | Reached skill level 1 in Stealth
     5 | D        | Reached skill level 1 in Shields
     5 | D        | Reached skill level 1 in Unarmed Combat
     5 | D        | Reached skill level 5 in Spellcasting
     5 | D        | Reached skill level 1 in Conjurations
     5 | D        | Reached skill level 1 in Hexes
     5 | D        | Reached skill level 1 in Summonings
     5 | D        | Reached skill level 1 in Necromancy
     5 | D        | Reached skill level 1 in Translocations
     5 | D        | Reached skill level 1 in Transmutations
     5 | D        | Reached skill level 1 in Fire Magic
     5 | D        | Reached skill level 1 in Ice Magic
     5 | D        | Reached skill level 1 in Air Magic
     5 | D        | Reached skill level 1 in Earth Magic
     5 | D        | Reached skill level 1 in Poison Magic
     5 | D        | Reached skill level 1 in Invocations
     5 | D        | Reached skill level 1 in Evocations
     5 | D        | Reached XP level 2. HP: 26/26 MP: 2/8
     5 | D        | Reached XP level 3. HP: 32/32 MP: 2/9
    11 | D        | Reached skill level 5 in Fighting
    11 | D        | Reached skill level 5 in Polearms
    11 | D        | Reached skill level 5 in Dodging
    25 | D        | Slain by a worker ant

Levels and vault maps discovered:
D:        the_violet_keep_of_menkaure [sprint2_stairs_cluster_1,
          sprint2_shoproom, sprint2_temple, sprint2_basic_supplies,
          sprint2_obstacle_1, sprint2_obstacle_3, sprint2_obstacle_4,
          sprint2_obstacle_2, sprint2_obstacle_5, sprint2_timed_cluster_1,
          sprint2_smallroom_cluster_1, sprint2_smallroom_final_cluster_1,
          sprint2_transparent_cluster_1, sprint2_second_timed_cluster_1,
          sprint2_sniper_area_1, sprint2_heavy_combat_area_1,
          sprint2_mutation_trap_area_1, sprint2_forest_area_1,
          sprint2_light_combat_area_1, sprint2_behind_water_1,
          sprint2_near_end_vault_1]

Skill      XL: |  1  2  3 |
---------------+----------+-----
Short Blades   | 1 2 |  2.1
Long Blades    | 1 2 |  2.1
Axes           | 1 2 |  2.1
Maces & Flails | 1 2 |  2.1
Staves         | 1 2 |  2.1
Slings         | 1 2 |  2.1
Bows           | 1 2 |  2.1
Crossbows      | 1 2 |  2.1
Throwing       | 1 2 |  2.1
Armour         | 3 |  3.4
Stealth        | 1 2 |  2.1
Shields        | 1 2 |  2.1
Unarmed Combat | 1 2 |  2.1
Spellcasting   | 5 |  5.4
Conjurations   | 1 |  1.7
Hexes          | 1 |  1.7
Summonings     | 1 |  1.7
Necromancy     | 1 |  1.7
Translocations | 1 |  1.7
Transmutations | 1 |  1.7
Fire Magic     | 1 |  1.7
Ice Magic      | 1 |  1.7
Air Magic      | 1 |  1.7
Earth Magic    | 1 |  1.7
Poison Magic   | 1 |  1.7
Invocations    | 1 2 |  2.4
Evocations     | 1 2 |  2.1
Fighting       | 5 |  5.1
Polearms       | 5 |  5.1
Dodging        | 5 |  5.1
Charms         | |  5.7

Action                   || total
-------------------------++-------
Melee: Spear             ||    22
       Bite              ||     5
 Cast: Infusion          ||     1
  Use: Potion            ||     1
Armor: Leather armour    ||     1
Dodge: Dodged            ||    12

Table legend:
 A = Non-vault XP
 B = Vault XP
 C = Vault XP percentage of total XP
 D = Non-vault monster count
 E = Vault monster count
 F = Vault count percentage of total count
                 A         B        C        D         E       F
            +---------+---------+-------+---------+---------+-------
      Total |       0 |      70 | 100.0 |       0 |       2 | 100.0
            +---------+---------+-------+---------+---------+-------
          D |       0 |      70 | 100.0 |       0 |       2 | 100.0
            +---------+---------+-------+---------+---------+-------
